TOP OF THE 1ST |
Auburn Doubledays batting - Pitching for Brooklyn Cyclones : RHP Jonathan Colyer
|
Pitching: RHP Jonathan Colyer
|
|
Batting: LHB Chris Williams
|
0-0: Called Strike 0-1: Ground out 6-3 (Groundball, 6, EV 108.8 MPH)
|
Pitching: RHP Jean-Pierre Carpentier
|
|
Batting: LHB Bobby Adams
|
0-0: Called Strike 0-1: Foul Ball, location: 9LSF, Error on foul ball, E9 0-2: Ground out 6-3 (Groundball, 56, EV 106.9 MPH)
|
Batting: RHB Nick Moreno
|
0-0: Fly out, F3 (Popup, 3, EV 83.1 MPH)
|
Top of the 1st over - 0 runs, 0 hits, 1 error, 0 left on base; Auburn 0 - Brooklyn 0 |
BOTTOM OF THE 1ST |
Brooklyn Cyclones batting - Pitching for Auburn Doubledays : RHP Steve Schneider
|
Pitching: RHP Steve Schneider
|
|
Batting: LHB Elmo Dreier
|
0-0: Called Strike 0-1: Foul Ball, location: 2F 0-2: Ball 1-2: Ground out 6-3 (Groundball, 6, EV 92.5 MPH)
|
Batting: SHB Callum Lynch
|
0-0: Ball 1-0: Ground out 4-3 (Groundball, 4M, EV 81.2 MPH)
|
Batting: RHB Darwin Mills
|
0-0: Called Strike 0-1: Swinging Strike 0-2: Strikes out swinging
|
Bottom of the 1st over - 0 runs, 0 hits, 0 errors, 0 left on base; Auburn 0 - Brooklyn 0 |
TOP OF THE 2ND |
Auburn Doubledays batting - Pitching for Brooklyn Cyclones : RHP Jean-Pierre Carpentier
|
Batting: RHB Deshawn Boseman
|
0-0: Ground out 5-3 (Groundball, 56S, EV 86.9 MPH)
|
Batting: RHB Jim Towle
|
0-0: Called Strike 0-1: Hit by Pitch
|
Batting: RHB Seth Rutz
|
0-0: Ball 1-0: Ball 2-0: Ball 3-0: Swinging Strike 3-1: Base on Balls Jim Towle to second
|
Batting: SHB Alex Medina
|
0-0: Called Strike 0-1: Grounds into double play, 3-6-3 (Groundball, 3S, EV 84.4 MPH)
|
Top of the 2nd over - 0 runs, 0 hits, 0 errors, 1 left on base; Auburn 0 - Brooklyn 0 |
BOTTOM OF THE 2ND |
Brooklyn Cyclones batting - Pitching for Auburn Doubledays : RHP Steve Schneider
|
Batting: RHB Ryan Marler
|
0-0: Ball 1-0: Swinging Strike 1-1: Foul Ball, location: 2F 1-2: Strikes out looking
|
Batting: SHB Ryan Brown
|
0-0: Ball 1-0: Ball 2-0: Called Strike 2-1: Foul Ball, location: 2F 2-2: Foul Ball, location: 2F 2-2: Ball 3-2: Foul Ball, location: 2F 3-2: Strikes out swinging
|
Batting: RHB Victor Reyes
|
0-0: Ball 1-0: Foul Ball, location: 2F 1-1: Foul Ball, location: 2F 1-2: Ball 2-2: Foul Ball, location: 2F 2-2: Ball 3-2: Strikes out swinging
|
Bottom of the 2nd over - 0 runs, 0 hits, 0 errors, 0 left on base; Auburn 0 - Brooklyn 0 |
TOP OF THE 3RD |
Auburn Doubledays batting - Pitching for Brooklyn Cyclones : RHP Jean-Pierre Carpentier
|
Batting: RHB John Gibbs
|
0-0: Ball 1-0: Fly out, F8 (Flyball, 89D, EV 86.9 MPH)
|
Batting: LHB Jim Weidman
|
0-0: DOUBLE (Flyball, 8RD, EV 106.9 MPH)
|
Batting: LHB Chris Williams
|
0-0: Ball 1-0: Ball 2-0: Ball 3-0: Called Strike 3-1: Foul Ball, location: 2F 3-2: Foul Ball, location: 2F 3-2: Strikes out swinging
|
Batting: LHB Bobby Adams
|
0-0: DOUBLE (Flyball, 8LD, EV 84.4 MPH) Jim Weidman scores
|
Batting: RHB Nick Moreno
|
0-0: Called Strike 0-1: Foul Ball, location: 2F 0-2: Foul Ball, location: 2F 0-2: Ball 1-2: Strikes out swinging
|
Top of the 3rd over - 1 run, 2 hits, 0 errors, 1 left on base; Auburn 1 - Brooklyn 0 |
BOTTOM OF THE 3RD |
Brooklyn Cyclones batting - Pitching for Auburn Doubledays : RHP Steve Schneider
|
Batting: RHB Roberto Delgado
|
0-0: Ball 1-0: Ball 2-0: Swinging Strike 2-1: Ball 3-1: Foul Ball, location: 2F 3-2: DOUBLE (Line Drive, 89D, EV 111.9 MPH)
|
Batting: SHB Duri Chilemba
|
Balk! Roberto Delgado to third 0-0: Called Strike 0-1: Ball 1-1: Foul Ball, location: 2F 1-2: SINGLE (Groundball, 34D, EV 98.8 MPH) Roberto Delgado scores
|
Batting: RHB Tom Primmer
|
0-0: Called Strike 0-1: Called Strike 0-2: Fly out, F8 (Line Drive, 8LXD, EV 91.2 MPH)
|
Batting: LHB Elmo Dreier
|
0-0: Called Strike 0-1: Swinging Strike 0-2: Ball 1-2: Foul Ball, location: 2F 1-2: Ball 2-2: Strikes out swinging
|
Batting: SHB Callum Lynch
|
0-0: Ball 1-0: Swinging Strike 1-1: Foul Ball, location: 2F 1-2: SINGLE (Line Drive, 56D, EV 107.5 MPH) Duri Chilemba to second Runner from 2nd tries for 3rd, SAFE, throw by LF made to third
|
Batting: RHB Darwin Mills
|
0-0: Ball 1-0: Ball 2-0: Called Strike 2-1: Called Strike 2-2: Fly out, F9 (Flyball, 89M, EV 85.0 MPH)
|
Bottom of the 3rd over - 1 run, 3 hits, 0 errors, 2 left on base; Auburn 1 - Brooklyn 1 |
TOP OF THE 4TH |
Auburn Doubledays batting - Pitching for Brooklyn Cyclones : RHP Jean-Pierre Carpentier
|
Batting: RHB Deshawn Boseman
|
0-0: Swinging Strike 0-1: Foul Ball, location: 2F 0-2: Ball 1-2: Ball 2-2: Strikes out swinging
|
Batting: RHB Jim Towle
|
0-0: Ball 1-0: Foul Ball, location: 2F 1-1: Ball 2-1: Called Strike 2-2: Strikes out swinging
|
Batting: RHB Seth Rutz
|
0-0: Called Strike 0-1: Swinging Strike 0-2: Strikes out looking
|
Top of the 4th over - 0 runs, 0 hits, 0 errors, 0 left on base; Auburn 1 - Brooklyn 1 |
BOTTOM OF THE 4TH |
Brooklyn Cyclones batting - Pitching for Auburn Doubledays : RHP Steve Schneider
|
Batting: RHB Ryan Marler
|
0-0: Ball 1-0: Foul Ball, location: 2F 1-1: Called Strike 1-2: Strikes out swinging
|
Batting: SHB Ryan Brown
|
0-0: Called Strike 0-1: Ground out 4-3 (Groundball, 4, EV 100.0 MPH)
|
Batting: RHB Victor Reyes
|
0-0: Called Strike 0-1: Called Strike 0-2: Strikes out swinging
|
Bottom of the 4th over - 0 runs, 0 hits, 0 errors, 0 left on base; Auburn 1 - Brooklyn 1 |
TOP OF THE 5TH |
Auburn Doubledays batting - Pitching for Brooklyn Cyclones : RHP Jean-Pierre Carpentier
|
Batting: SHB Alex Medina
|
0-0: Called Strike 0-1: Foul Ball, location: 2F 0-2: Ball 1-2: Strikes out looking
|
Batting: RHB John Gibbs
|
0-0: Ball 1-0: Ball 2-0: Called Strike 2-1: Called Strike 2-2: Strikes out looking
|
Batting: LHB Jim Weidman
|
0-0: Fly out, F7 (Flyball, 78M, EV 83.8 MPH)
|
Top of the 5th over - 0 runs, 0 hits, 0 errors, 0 left on base; Auburn 1 - Brooklyn 1 |
BOTTOM OF THE 5TH |
Brooklyn Cyclones batting - Pitching for Auburn Doubledays : RHP Steve Schneider
|
Batting: RHB Roberto Delgado
|
0-0: Called Strike 0-1: Ball 1-1: Foul Ball, location: 2F 1-2: Strikes out swinging
|
Batting: SHB Duri Chilemba
|
0-0: Swinging Strike 0-1: Ball 1-1: Ground out 4-3 (Groundball, 4, EV 98.1 MPH)
|
Batting: RHB Tom Primmer
|
0-0: Foul Ball, location: 2F 0-1: Ball 1-1: SINGLE (Line Drive, 89S, EV 98.8 MPH)
|
Batting: LHB Elmo Dreier
|
Pickoff Throw to First - Out! 1-3
|
Bottom of the 5th over - 0 runs, 1 hit, 0 errors, 0 left on base; Auburn 1 - Brooklyn 1 |
TOP OF THE 6TH |
Auburn Doubledays batting - Pitching for Brooklyn Cyclones : RHP Jean-Pierre Carpentier
|
Pitching: RHP Rob Fennell
|
|
Batting: LHB Chris Williams
|
0-0: Ball 1-0: Called Strike 1-1: SINGLE (Groundball, 6M, EV 104.4 MPH) (infield hit)
|
Batting: LHB Bobby Adams
|
0-0: Ball 1-0: Ball 2-0: Ball 3-0: Called Strike 3-1: TRIPLE (Flyball, 78XD, EV 92.5 MPH) Chris Williams scores
|
Batting: RHB Nick Moreno
|
0-0: Called Strike 0-1: Ball 1-1: Ground out 6-3 (Groundball, 6, EV 86.2 MPH)
|
Batting: RHB Deshawn Boseman
|
0-0: Intentional Walk
|
Batting: RHB Jim Towle
|
0-0: Ball Wild Pitch! Bobby Adams scores Deshawn Boseman to second 1-0: Foul Ball, location: 2F 1-1: Foul Ball, location: 2F 1-2: Ball 2-2: Ball 3-2: Base on Balls
|
Pitching: RHP Brett Cooke
|
|
Batting: RHB Seth Rutz
|
0-0: Called Strike 0-1: Ball 1-1: Foul Ball, location: 2F 1-2: Strikes out swinging
|
Batting: SHB Alex Medina
|
0-0: SINGLE (Groundball, 34D, EV 97.5 MPH) Deshawn Boseman to third Jim Towle to second Runner from 3rd tries for Home, throw by RF and OUT! 9-2
|
Top of the 6th over - 2 runs, 3 hits, 0 errors, 2 left on base; Auburn 3 - Brooklyn 1 |
BOTTOM OF THE 6TH |
Brooklyn Cyclones batting - Pitching for Auburn Doubledays : RHP Steve Schneider
|
Batting: LHB Elmo Dreier
|
0-0: Foul Ball, location: 2F 0-1: Ball 1-1: Foul Ball, location: 2F 1-2: Ball 2-2: Fly out, F8 (Flyball, 8RM, EV 89.4 MPH)
|
Pitching: RHP John Kovach
|
|
Batting: SHB Callum Lynch
|
0-0: Called Strike 0-1: Swinging Strike 0-2: Ball 1-2: Strikes out swinging
|
Batting: RHB Darwin Mills
|
0-0: Ball 1-0: Foul Ball, location: 2F 1-1: Foul Ball, location: 2F 1-2: Foul Ball, location: 2F 1-2: Fly out, F3 (Popup, 3SF, EV 61.9 MPH)
|
Bottom of the 6th over - 0 runs, 0 hits, 0 errors, 0 left on base; Auburn 3 - Brooklyn 1 |
TOP OF THE 7TH |
Auburn Doubledays batting - Pitching for Brooklyn Cyclones : RHP Brett Cooke
|
Batting: RHB John Gibbs
|
0-0: Called Strike 0-1: TRIPLE (Flyball, 89XD, EV 106.9 MPH)
|
Batting: LHB Jim Weidman
|
0-0: Ball Wild Pitch! John Gibbs scores 1-0: Ball 2-0: Swinging Strike 2-1: Foul Ball, location: 2F 2-2: Strikes out swinging
|
Batting: LHB Chris Williams
|
0-0: Foul Ball, location: 2F 0-1: Fly out, F9 (Flyball, 9, EV 90.6 MPH)
|
Batting: LHB Bobby Adams
|
0-0: Swinging Strike 0-1: Foul Ball, location: 2F 0-2: Ground out 4-3 (Groundball, 34D, EV 106.9 MPH)
|
Top of the 7th over - 1 run, 1 hit, 0 errors, 0 left on base; Auburn 4 - Brooklyn 1 |
BOTTOM OF THE 7TH |
Brooklyn Cyclones batting - Pitching for Auburn Doubledays : RHP John Kovach
|
Batting: RHB Ryan Marler
|
0-0: Called Strike 0-1: Ball 1-1: Ball 2-1: Ball 3-1: Foul Ball, location: 2F 3-2: Base on Balls
|
Batting: SHB Ryan Brown
|
0-0: Swinging Strike 0-1: SINGLE (Groundball, 5S, EV 54.4 MPH) (infield hit) Ryan Marler to second
|
Batting: RHB Victor Reyes
|
0-0: Ball 1-0: Fly out, F8 (Line Drive, 8LD, EV 88.1 MPH)
|
Pinch Hitting: LHB Brian Levensailor
|
0-0: Fly out, F7 (Flyball, 7LM, EV 87.5 MPH)
|
Pinch Hitting: RHB Matt Tittle
|
0-0: Ground out 6-3 (Groundball, 6S, EV 81.9 MPH)
|
Bottom of the 7th over - 0 runs, 1 hit, 0 errors, 2 left on base; Auburn 4 - Brooklyn 1 |
TOP OF THE 8TH |
Auburn Doubledays batting - Pitching for Brooklyn Cyclones : RHP Brett Cooke
|
Now at 1B: Brian Levensailor
|
|
Now at 3B: Matt Tittle
|
|
Batting: RHB Nick Moreno
|
0-0: Called Strike 0-1: Ball 1-1: Foul Ball, location: 2F 1-2: Foul Ball, location: 2F 1-2: Ball 2-2: Ball 3-2: Foul Ball, location: 2F 3-2: Base on Balls
|
Batting: RHB Deshawn Boseman
|
0-0: Ball 1-0: Ball 2-0: Foul Ball, location: 2F 2-1: Called Strike 2-2: Foul Ball, location: 2F 2-2: Strikes out looking
|
Batting: RHB Jim Towle
|
0-0: Called Strike 0-1: Foul Ball, location: 2F 0-2: Ball 1-2: Ball 2-2: Strikes out swinging
|
Pitching: RHP Gwidon Kaminski
|
|
Batting: RHB Seth Rutz
|
0-0: Swinging Strike 0-1: Ball 1-1: Foul Ball, location: 2F 1-2: Foul Ball, location: 2F 1-2: Strikes out swinging
|
Top of the 8th over - 0 runs, 0 hits, 0 errors, 1 left on base; Auburn 4 - Brooklyn 1 |
BOTTOM OF THE 8TH |
Brooklyn Cyclones batting - Pitching for Auburn Doubledays : RHP John Kovach
|
Batting: RHB Tom Primmer
|
0-0: Fly out, F9 (Flyball, 9LS, EV 86.9 MPH)
|
Batting: LHB Elmo Dreier
|
0-0: Ball 1-0: Foul Ball, location: 2F 1-1: Swinging Strike 1-2: Foul Ball, location: 2F 1-2: Ball 2-2: Strikes out swinging
|
Batting: SHB Callum Lynch
|
0-0: Swinging Strike 0-1: Ball 1-1: Foul Ball, location: 2F 1-2: Ball 2-2: Strikes out looking
|
Bottom of the 8th over - 0 runs, 0 hits, 0 errors, 0 left on base; Auburn 4 - Brooklyn 1 |
TOP OF THE 9TH |
Auburn Doubledays batting - Pitching for Brooklyn Cyclones : RHP Gwidon Kaminski
|
Pitching: RHP Leo Burgos
|
|
Batting: SHB Alex Medina
|
0-0: Ball 1-0: Called Strike 1-1: Ball 2-1: Called Strike 2-2: Foul Ball, location: 2F 2-2: Ground out 3-1 (Groundball, 34, EV 106.2 MPH)
|
Batting: RHB John Gibbs
|
0-0: Foul Ball, location: 2F 0-1: Ball 1-1: Called Strike 1-2: Ball 2-2: Foul Ball, location: 2F 2-2: Ball 3-2: Strikes out swinging
|
Batting: LHB Jim Weidman
|
0-0: Called Strike 0-1: Fly out, F9 (Flyball, 9LD, EV 90.6 MPH)
|
Top of the 9th over - 0 runs, 0 hits, 0 errors, 0 left on base; Auburn 4 - Brooklyn 1 |
BOTTOM OF THE 9TH |
Brooklyn Cyclones batting - Pitching for Auburn Doubledays : RHP John Kovach
|
Pitching: RHP Oswaldo Vasquez
|
|
Batting: RHB Darwin Mills
|
0-0: Called Strike 0-1: Ball 1-1: Ground out 5-3 (Groundball, 5D, EV 82.5 MPH)
|
Batting: RHB Ryan Marler
|
0-0: Swinging Strike 0-1: Ball 1-1: Foul Ball, location: 2F 1-2: Ground out 6-3 (Groundball, 6, EV 85.0 MPH)
|
Batting: SHB Ryan Brown
|
0-0: Ball 1-0: Ground out 6-3 (Groundball, 6, EV 84.4 MPH)
|
Bottom of the 9th over - 0 runs, 0 hits, 0 errors, 0 left on base; Auburn 4 - Brooklyn 1 |
|